 Dungeon Crawl Stone Soup version 0.28.0-45-g0d030f2227 (webtiles) character file.

Game seed: 8959150830216602783

27 NinjaNoafa the Frost Mage (level 3, -2/28 HPs)
             Began as a Gnoll Wanderer on Apr 2, 2022.
             Was an Initiate of Yredelemnul.
             Slain by a goblin
             ... wielding a +0 club
             ... led by Robin
              (3 damage)
             ... on level 2 of the Dungeon.
             The game lasted 00:04:27 (927 turns).

NinjaNoafa the Frost Mage (Gnoll Wanderer)           Turns: 927, Time: 00:04:27

Health: -2/28      AC:  6    Str: 15    XL:     3   Next: 10%
Magic:  0/7        EV: 10    Int: 12    God:    Yredelemnul [......]
Gold:   34         SH:  0    Dex:  8    Spells: 6/7 levels left

rFire   . . .      SeeInvis .   d - +0 dagger
rCold   . . .      Faith    .   (no shield)
rNeg    . . .      Spirit   .   c - +0 ring mail
rPois   .          Reflect  .   (no helmet)
rElec   .          Harm     .   (no cloak)
rCorr   .          Rampage  .   (no gloves)
Will    .....                   (no boots)
Stlth   +.........              (no amulet)
HPRegen 0.09/turn               (no ring)
MPRegen 0.10/turn               (no ring)

@: hasted, very quick
A: fangs 1, strong nose, distributed training
a: Renounce Religion, Recall Undead Harvest


You were on level 2 of the Dungeon.
You worshipped Yredelemnul.
Yredelemnul was noncommittal.
You visited 1 branch of the dungeon, and saw 2 of its levels.

You collected 34 gold pieces.

Inventory:

Hand Weapons
 a - a +0 shortbow
 d - a +0 dagger (weapon)
Missiles
 b - 20 arrows
Armour
 c - a +0 ring mail (worn)


   Skills:
 + Level 2.5 Fighting
 + Level 0.6 Short Blades
 + Level 0.6 Long Blades
 + Level 0.6 Axes
 + Level 0.6 Maces & Flails
 + Level 0.6 Polearms
 + Level 0.6 Staves
 + Level 0.6 Slings
 + Level 2.5 Bows
 + Level 0.6 Crossbows
 + Level 0.6 Throwing
 + Level 4.5 Armour
 + Level 0.6 Dodging
 + Level 0.6 Stealth
 + Level 0.6 Shields
 + Level 0.6 Unarmed Combat
 + Level 2.8 Spellcasting
 + Level 0.4 Conjurations
 + Level 0.4 Hexes
 + Level 0.4 Summonings
 + Level 0.4 Necromancy
 + Level 0.4 Translocations
 + Level 0.4 Transmutations
 + Level 0.4 Fire Magic
 + Level 8.7 Ice Magic
 + Level 0.4 Air Magic
 + Level 0.4 Earth Magic
 + Level 0.4 Poison Magic
 + Level 0.8 Invocations
 + Level 0.6 Evocations


You had 6 spell levels left.
You knew the following spells:

 Your Spells              Type           Power      Damage    Failure   Level
a - Freeze                Ice            88%        1d10      1%          1

Your spell library contained the following spells:

 Spells                   Type           Power      Damage    Failure   Level
 Frozen Ramparts          Ice            44%        1d6       3%          3
 Ice Form                 Ice/Tmut       12%        N/A       56%         4


Dungeon Overview and Level Annotations

Branches:
Dungeon (2/15)

Altars:
Yredelemnul

Annotations:
D:2 Robin


Innate Abilities, Weirdness & Mutations

You have very sharp teeth.
Your uncanny sense of smell can sniff out nearby items.
Your experience applies equally to all skills.


Message History

Aiming: Freeze (safe; 1% risk of failure)
Press: ? - help, Shift-Dir - straight line, f/p - goblin
Aim: a goblin, wielding a +0 club (severely wounded, strong, ally target)
You freeze the goblin.
You kill the goblin!
The goblin hits your hobgoblin zombie with a +0 dagger.
Your hobgoblin zombie is destroyed!
The goblin hits your goblin zombie with a +0 dagger.
Your goblin zombie hits the goblin.
The goblin completely misses your goblin zombie.
Your goblin zombie hits the goblin.
The goblin dies!
A black mist starts to gather...
Robin throws the goblin at you! The goblin hits you but does no damage.
Robin throws the goblin at you!
The goblin hits your goblin zombie with a +0 club.
The goblin hits you but does no damage.
Your goblin zombie barely misses the goblin.
Casting: Freeze (safe; 1% risk of failure)
Confirm with . or Enter, or press ? or * to list all spells.
Aiming: Freeze (safe; 1% risk of failure)
Press: ? - help, Shift-Dir - straight line, f - goblin
Aim: a goblin, wielding a +0 dagger (strong)
You freeze the goblin.
The goblin is moderately wounded.
The goblin hits you with a +0 club.
* * * LOW HITPOINT WARNING * * *
Casting: Freeze (safe; 1% risk of failure)
Confirm with . or Enter, or press ? or * to list all spells.
Aiming: Freeze (safe; 1% risk of failure)
Press: ? - help, Shift-Dir - straight line, f/p - goblin
Aim: a goblin, wielding a +0 dagger (moderately wounded, strong)
You freeze the goblin.
You kill the goblin!
A black mist starts to gather...
The goblin hits your goblin zombie with a +0 club.
Your goblin zombie is destroyed!
The goblin hits you with a +0 club.
You die...
Your body rises from the dead as a mindless zombie.

.## ....
######## .....
#......#
.....g###@)Z...#
.....gg)))g<...#
....Z.##########
#.... #... #..
##


You could see a hobgoblin (strong), 2 goblins and 2 friendly goblin zombies.

Vanquished Creatures
  A dart slug (D:1)
  A bat zombie (D:1)
  4 goblins (D:2)
  2 hobgoblins
  4 jackals (D:1)
  A kobold (D:1)
  2 quokkas (D:1)
  2 ball pythons (D:1)
  2 frilled lizards (D:1)
  3 rats (D:1)
22 creatures vanquished.

Vanquished Creatures (collateral kills)
  A ball python (D:1)
  A goblin (D:2)
  2 kobolds (D:1)
  A rat (D:1)
5 creatures vanquished.

Vanquished Creatures (others)
  2 giant cockroach zombies (D:1)
  A goblin zombie (D:2)
  A hobgoblin zombie (D:2)
  4 plants (D:1)
8 creatures vanquished.

Grand Total: 35 creatures vanquished

Notes
Turn   | Place    | Note
-------+----------+-------------------------------------------
     0 | D:1      | NinjaNoafa the Gnoll Wanderer began the quest for the Orb.
     0 | D:1      | NinjaNoafa set off with the following items: a +0 shortbow,
                  | 23 arrows, a +0 ring mail; and the following spell
                  | memorised: Freeze; and the following spells available to
                  | memorise: Frozen Ramparts, Ice Form
     0 | D:1      | Reached XP level 1. HP: 17/17 MP: 4/4
    32 | D:1      | Reached XP level 2. HP: 11/23 MP: 0/5
   228 | D:1      | Found a faded altar of an unknown god.
   250 | D:1      | Prayed at the altar of an unknown god.
   250 | D:1      | Became a worshipper of Yredelemnul the Dark
   250 | D:1      | Reached * piety under Yredelemnul
   906 | D:2      | Noticed Robin
   914 | D:2      | Reached XP level 3. HP: 10/28 MP: 4/7
   926 | D:2      | HP: 1/28 [goblin/+0 club[Robin] (2)]
   927 | D:2      | Slain by a goblin

Illustrated notes

Levels and vault maps discovered:
D:1:      lemuel_arrival_tunnels, layout_basic, shapermc_ecumenical_altar_ellora
D:2:      layout_basic, minmay_crystal_room, uniq_robin

Action                   || total
-------------------------++-------
Melee: Shortbow          ||     1
       Dagger            ||    34
       Bite              ||     2
       Punch             ||     1
 Fire: Shortbow          ||    31
 Cast: Freeze            ||    11
  Use: Scroll            ||     1
       Potion            ||     1
Armor: Ring mail         ||    36
Dodge: Dodged            ||    32
